 Dungeon Crawl Stone Soup version 0.27.0-1-g7a089689b8 (webtiles) character file.

Game seed: 10354095035525567145

116 Malachi the Magician (level 5, -5/36 HPs)
             Began as a Djinni Enchanter on Aug 17, 2021.
             Was a Believer of Lugonu.
             Slain by a white imp (6 damage)
             ... on level 3 of the Dungeon.
             The game lasted 00:06:03 (6042 turns).

Malachi the Magician (Djinni Enchanter)             Turns: 6042, Time: 00:06:04

Health: -5/36      AC:  2    Str:  7    XL:     5   Next: 21%
Gold:   53         EV: 12    Int: 23    God:    Lugonu [**....] SH:  0 Dex: 14

rFire    + + .     SeeInvis .   a - +2 dagger
rCold    x . .     Faith    .   (no shield)
rNeg     . . .     Spirit   .   b - +0 robe
rPois    ∞         Reflect  .   (no helmet)
rElec    .         Harm     .   (no cloak)
rCorr    .         Rampage  .   (no gloves)
Will     .....                  (boots unavailable)
Stlth    ++........             (no amulet)
HPRegen  0.12/turn              k - +6 ring of intelligence
MPRegen  0.00/turn              (no ring)

@: flying
A: sickness immunity, fire resistance 2, cold vulnerability 1, float, innate
caster, hp casting, extra vitality 1
a: Renounce Religion, Depart the Abyss, Bend Space


You were on level 3 of the Dungeon.
You worshipped Lugonu.
Lugonu was pleased with you.
You visited 1 branch of the dungeon, and saw 3 of its levels.

You collected 53 gold pieces.

Inventory:

Hand Weapons
 a - a +2 dagger (weapon)
Armour
 b - a +0 robe (worn)
Jewellery
 k - a +6 ring of intelligence (left hand)
Scrolls
 c - 2 scrolls of identify
 f - 2 scrolls of fear
 i - a scroll of teleportation
Potions
 d - a potion of heal wounds
 e - a potion of attraction {unknown}
 g - a potion of invisibility {unknown}
 h - a potion of lignification {unknown}


   Skills:
 + Level 0.8 Fighting
 + Level 1.5 Short Blades
 + Level 2.5 Dodging
 * Level 3.1 Stealth
 * Level 3.4 Spellcasting


You couldn't memorise any spells.
You knew the following spells:

 Your Spells              Type           Power      Damage    Failure   Level
a - Corona                Hex            22%        N/A       2%          1
b - Ensorcelled Hibernat  Hex/Ice        40%        N/A       4%          2
c - Confusing Touch       Hex            20%        N/A       8%          3
d - Tukima's Dance        Hex            20%        N/A       8%          3
e - Dazzling Flash        Conj/Hex       40%        N/A       8%          3
f - Beastly Appendage     Tmut           40%        N/A       2%          1
g - Corpse Rot            Necr/Air       N/A        N/A       4%          2
Your spell library was empty.

Dungeon Overview and Level Annotations

Branches:
Dungeon (3/15)

Altars:
Sif Muna
Lugonu


Innate Abilities, Weirdness & Mutations

You are immune to sickness and miasma.
You are immune to poison.
Your flesh is very heat resistant. (rF++)
You are vulnerable to cold. (rC-)
You float through the air rather than walking.
You learn spells naturally, not from books.
Your magical power is your life essence.
You have superior vitality. (+4 HP)


Message History

Your hands begin to glow red.
The white imp gestures at you. The puff of frost hits you!
You feel a terrible chill!
* * * LOW HITPOINT WARNING * * *
You hit the white imp but do no damage.
The goblin shouts!
You completely miss the white imp. The white imp closely misses you.
You closely miss the white imp. The white imp closely misses you.
You hit the white imp but do no damage. The white imp barely misses you.
The giant cockroach barely misses you.
You barely miss the white imp.
The white imp hits you but does no damage.
The giant cockroach completely misses you.
You barely miss the white imp.
The white imp hits you but does no damage.
The goblin hits you with a +0 club.
* * * LOW HITPOINT WARNING * * *
The giant cockroach misses you.
Unknown command.
You hit the white imp but do no damage.
The white imp hits you but does no damage.
The giant cockroach closely misses you. The goblin closely misses you.
You hit the white imp but do no damage.
The white imp appears confused.
The giant cockroach barely misses you. The goblin closely misses you.
The giant cockroach misses you.
The white imp barely misses the goblin.
You barely miss the white imp. The giant cockroach barely misses you.
The white imp hits the giant cockroach.
The white imp freezes the giant cockroach.
The goblin hits you but does no damage.
The giant cockroach waves its antennae.
The giant cockroach bites you.
* * * LOW HITPOINT WARNING * * *
You catch the helpless white imp completely off-guard!
You puncture the white imp!
The white imp is severely wounded.
The giant cockroach barely misses you. The white imp hits you.
* * * LOW HITPOINT WARNING * * *
The white imp freezes you.
You feel a terrible chill!
You die...

### #######
.....#...5.##
.......<.B@.#
.........g...#
.............#
.............#
.............#
.............#
.............#
............##


You could see a white imp (confused), a giant cockroach and a goblin.

Vanquished Creatures
  5 adders (D:2)
  A worm (D:2)
  3 dart slugs
  An orc (D:2)
  A ball python (D:2)
  2 endoplasms
  6 giant cockroaches
  4 goblins
  7 hobgoblins
  4 jackals (D:1)
  4 quokkas (D:1)
  6 bats
  3 frilled lizards
  4 kobolds
  6 rats (D:1)
57 creatures vanquished.

Notes
Turn   | Place    | Note
-------+----------+-------------------------------------------
     0 | D:1      | Malachi the Djinni Enchanter began the quest for the Orb.
     0 | D:1      | Reached XP level 1. HP: 15/15 MP: 0/0
   189 | D:1      | Reached XP level 2. HP: 13/21 MP: 0/0
  1365 | D:1      | Reached skill level 1 in Short Blades
  1829 | D:1      | Reached XP level 3. HP: 5/25 MP: 0/0
  1829 | D:1      | Learned a level 1 spell: Beastly Appendage
  4200 | D:2      | Reached XP level 4. HP: 6/31 MP: 0/0
  5356 | D:2      | Reached XP level 5. HP: 29/36 MP: 0/0
  5356 | D:2      | Learned a level 2 spell: Corpse Rot
  5517 | D:2      | Found a faded altar of an unknown god.
  5527 | D:2      | Became a worshipper of Lugonu the Unformed
  5527 | D:2      | Reached * piety under Lugonu
  5527 | D:2      | Reached ** piety under Lugonu
  6042 | D:3      | HP: 1/36 [white imp (2)]
  6042 | D:3      | Slain by a white imp

Illustrated notes

Levels and vault maps discovered:
D:1:      dpeg_arrival_subterranean_lakeside_camping, layout_basic,
          nrook_campfire, amcnicky_mini_pool_small
D:2:      layout_loops_ring, basic_altar,
          shapermc_ecumenical_altar_starsandcircs, chequers_avenue
D:3:      layout_rooms, portal_sewer_entry_f, ebering_ghost_reflecting_pool,
          uniq_terence, uniq_robin, uniq_jessica, uniq_natasha

Skill      XL: |  1  2  3  4 |
---------------+-------------+-----
Short Blades   | 1 |  1.5
Spellcasting   | 3 |  3.4
Stealth        | 3 |  3.1
Fighting       | |  0.8
Dodging        | |  2.5

Action                   |  1- 3 |  4- 6 || total
-------------------------+-------+-------++-------
Melee: Dagger            |   172 |    66 ||   238
       Headbutt          |     1 |       ||     1
 Cast: Ensorcelled Hiber |    39 |    18 ||    57
       Corona            |     3 |       ||     3
       Beastly Appendage |     2 |       ||     2
       Confusing Touch   |     1 |     1 ||     2
  Use: Scroll            |     4 |       ||     4
       Potion            |       |     1 ||     1
 Stab: Sleeping          |    24 |    13 ||    37
       Confused          |       |     1 ||     1
Armor: Robe              |    30 |    10 ||    40
Dodge: Dodged            |   116 |    59 ||   175
